 Dungeon Crawl Stone Soup version 0.26-a0-597-gb535b0901c (webtiles) character file.

Game seed: 4554934260298092803

56 Lanoc the Chopper (level 4, -5/34 HPs)
             Began as a Formicid Gladiator on Sept 9, 2020.
             Slain by an orc
             ... wielding a +0 trident
              (7 damage)
             ... on level 3 of the Dungeon.
             The game lasted 00:01:14 (620 turns).

Lanoc the Chopper (Formicid Gladiator)               Turns: 620, Time: 00:01:15

Health: -5/34      AC:  4    Str: 19    XL:     4   Next: 17%
Magic:  4/4        EV: 13    Int:  7    God:
Gold:   13         SH:  0    Dex: 13    Spells: 3/3 levels left

rFire    . . .     SeeInvis +   a - +0 war axe
rCold    . . .     Faith    .   (no shield)
rNeg     . . .     Spirit   .   b - +0 leather armour
rPois    .         Reflect  .   (helmet unavailable)
rElec    .         Harm     .   (no cloak)
rCorr    .                      (no gloves)
MR       .....                  d - +0 pair of boots
Stlth    +.........             (no amulet)
HPRegen  0.11/turn              (no ring)
MPRegen  0.09/turn              (no ring)

@: no status effects
A: permanent stasis, dig shafts and tunnels, four strong arms, antennae 3
a: Dig, Shaft Self


You were on level 3 of the Dungeon.
You visited 1 branch of the dungeon, and saw 3 of its levels.

You collected 13 gold pieces.

Inventory:

Hand Weapons
 a - a +0 war axe (weapon)
Armour
 b - a +0 leather armour (worn)
 d - a +0 pair of boots (worn)
Scrolls
 e - a scroll of enchant weapon {unknown}
 g - a scroll of identify {unknown}
Potions
 f - a potion of magic


   Skills:
 + Level 2.9 Fighting
 * Level 4.0 Axes
 - Level 2.0 Throwing
 + Level 3.1 Dodging


You had 3 spell levels left.
You didn't know any spells.
Your spell library was empty.

Dungeon Overview and Level Annotations

Branches:
Dungeon (3/15)

Altars:


Innate Abilities, Weirdness & Mutations

You cannot be hasted, slowed, berserked, paralysed or teleported.
You can dig through walls and to a lower floor.
Your four strong arms can wield two-handed weapons with a shield.
You have a pair of large antennae on your head. (SInv)


Message History

Press: ? - help, Shift-Dir - straight line, f/p - orc
Aim: an orc, wielding a +0 trident (berserk)
You throw a throwing net.
The throwing net closely misses the orc.
The orc hits you with a +0 trident!
* * * LOW HITPOINT WARNING * * *
Firing (i - inventory) No suitable missiles.
Press: ? - help, Shift-Dir - straight line, f/p - orc
Aim: an orc, wielding a +0 trident (berserk)
Okay, then.
The orc barely misses you.
It was a potion of magic.
Magic courses through your body. The orc closely misses you.
The orc barely misses you.
You aren't carrying any items that you can evoke.
The orc hits you with a +0 trident.
* * * LOW HITPOINT WARNING * * *
Found a stone staircase leading up.
The orc hits you with a +0 trident!
You die...

####.....#.####
.......<......#
#####.#.##.##.#
#......# # ####.####
#.......# #.##.##.#
..######.##..#.#
......(#.###.#@######
.##..(..)...o.......
..........÷...........
.........##..#........
........###..#........
.......####..##.<.....
..###........#########
. ########.†.# # ###(#
..


You could see an orc (berserk).

Vanquished Creatures
  An orc wizard (D:3)
  An adder (D:3)
  An orc (D:3)
  2 hobgoblins (D:3)
  8 jackals
  A quokka (D:3)
  A kobold (D:3)
  2 rats (D:3)
17 creatures vanquished.

Notes
Turn   | Place    | Note
-------+----------+-------------------------------------------
     0 | D:1      | Lanoc the Formicid Gladiator began the quest for the Orb.
     0 | D:1      | Reached XP level 1. HP: 16/16 MP: 1/1
    20 | D:2      | Reached XP level 2. HP: 16/23 MP: 2/2
   374 | D:3      | Reached XP level 3. HP: 20/28 MP: 3/3
   603 | D:3      | Reached skill level 4 in Axes
   603 | D:3      | Reached XP level 4. HP: 21/34 MP: 4/4
   620 | D:3      | Slain by an orc

Illustrated notes

Levels and vault maps discovered:
D:1:      shiori_arrival_elements, layout_basic
D:2:      layout_basic, chequers_ecumenical_altar_island, uniq_terence
D:3:      layout_loops_cross

Skill      XL: |  1  2  3 |
---------------+----------+-----
Dodging        | 3 |  3.1
Axes           | 4 |  4.0
Fighting       | |  2.9
Throwing       | |  2.0

Action                   |  1- 3 |  4- 6 || total
-------------------------+-------+-------++-------
Melee: War axe           |    46 |       ||    46
Throw: Throwing net      |       |     3 ||     3
  Use: Potion            |       |     1 ||     1
Armor: Leather armour    |     8 |       ||     8
Dodge: Dodged            |    37 |     5 ||    42

Table legend: (Time is in decaauts)
 A = Elapsed time spent in this place.
 B = Non-inter-level travel time spent in this place.
 C = Inter-level travel time spent in this place.
 D = Time resting spent in this place.
 E = Time spent auto-exploring this place.
 F = Levels seen in this place.
 G = Mean time per level.
                   A        B        C        D        E       F      G
               +--------+--------+--------+--------+--------+-----+--------+
         Total |    634 |    634 |      0 |    228 |    255 |   3 |  211.3 |
       Dungeon |    634 |    634 |      0 |    228 |    255 |   3 |  211.3 |
               +--------+--------+--------+--------+--------+-----+--------+

Top non-repeatable levels by time:
     D:3: 569 daAuts
     D:2: 63 daAuts
     D:1: 2 daAuts
